 Dungeon Crawl Stone Soup version 0.21.1-1-g345015f (webtiles) character file.

41 Fang the Skirmisher (level 3, 0/24 HPs)
             Began as a Gargoyle Berserker on May 1, 2018.
             Was a Follower of Trog.
             Slain by a gnoll
             ... wielding a +0 spear
              (8 damage)
             ... on level 2 of the Dungeon.
             The game lasted 00:02:51 (1394 turns).

Fang the Skirmisher (Gargoyle Berserker)            Turns: 1394, Time: 00:02:51

Health: 0/24       AC:  8    Str: 24    XL:     3   Next: 52%
Magic:  3/3        EV: 12    Int:  7    God:    Trog [*.....]
Gold:   57         SH:  0    Dex:  7    Spells: 2/2 levels left

rFire    . . .     SeeInvis .   a - +0 hand axe
rCold    . . .     Gourm    .   (no shield)
rNeg     + . .     Faith    .   b - +0 animal skin
rPois    ∞         Spirit   .   (no helmet)
rElec    +         Reflect  .   (no cloak)
rCorr    .         Harm     .   e - +2 pair of gloves {Str+3}
MR       .....     Rnd*Tele +   (no boots)
Stlth    +.........             (no amulet)
HPRegen  0.08/turn              d - -2 ring of dexterity (curse)
MPRegen  0.08/turn              h - ring of teleportation (curse)

@: no status effects
A: negative energy resistance 1, electricity resistance, unbreathing,
petrification resistance, rot immunity, AC +3
a: Berserk, Burn Spellbooks, Renounce Religion


You were on level 2 of the Dungeon.
You worshipped Trog.
Trog was aware of your devotion.
You were near starving.

You visited 1 branch of the dungeon, and saw 2 of its levels.

You collected 57 gold pieces.

Inventory:

Hand Weapons
 a - a +0 hand axe (weapon)
Armour
 b - a +0 animal skin (worn)
 e - a +2 pair of gloves of strength (worn)
Jewellery
 d - a cursed -2 ring of dexterity (left hand)
 h - a cursed ring of teleportation (right hand)
 k - an uncursed ring of resist corrosion {unknown}
Scrolls
 i - a scroll of identify {unknown}
Potions
 f - a potion of heal wounds {unknown}
 g - a potion of haste {unknown}
 j - a potion of curing {unknown}
Comestibles
 c - 2 rations


   Skills:
 + Level 4.2 Fighting
 + Level 3.0 Axes
 + Level 2.3 Armour
 + Level 2.0 Dodging


You had 2 spell levels left.
You didn't know any spells.

Dungeon Overview and Level Annotations

Branches:
Dungeon (2/15)

Altars:


Innate Abilities, Weirdness & Mutations

You are resistant to torment.
Your stone body is resilient. (AC +3)
You are immune to poison.
You resist negative energy. (rN+)
You are resistant to electric shocks. (rElec)
You can survive without breathing.
You are immune to petrification.
You are immune to rotting.


Message History

The gnoll is severely wounded.
The gnoll hits you with a halberd. The gnoll barely misses you. x2
You hit the gnoll.
You kill the gnoll!
Trog accepts your kill.
Your Axes skill increases to level 3!
Your Dodging skill increases to level 2!
The gnoll hits you from afar with a spear. x2
Unknown command.
The gnoll completely misses you. The gnoll closely misses you.
A gnoll comes into view. It is wielding a club.
You completely miss the gnoll. The gnoll barely misses you. x2
You slash the gnoll!
The gnoll is heavily wounded.
The gnoll hits you but does no damage. The gnoll closely misses you.
You barely miss the gnoll.
The gnoll is heavily wounded.
The gnoll hits you but does no damage.
The gnoll hits you from afar with a spear!
You die...

.....#
#......#
.....#
#......#
.....#
##......#
.#####
#.......#
.#
#.......#
.#
#.......#
##
#.......###
#
#.......'.#
.
#.......#@#
.
#.......#g#
#
#########gg
# #### # #
# ##### #..
#.... #..#
#.###
#..####.#


You could see 3 gnolls.

Vanquished Creatures
  A gnoll (D:2)
  2 worms (D:2)
  A dart slug (D:2)
  2 bats
  2 giant cockroaches (D:1)
  4 hobgoblins (D:1)
  A ball python (D:1)
  2 frilled lizards (D:1)
  4 goblins (D:1)
  3 kobolds (D:1)
  A rat (D:1)
23 creatures vanquished.

Notes
Turn   | Place    | Note
-------+----------+-------------------------------------------
     0 | D:1      | Fang the Gargoyle Berserker began the quest for the Orb.
     0 | D:1      | Reached XP level 1. HP: 14/14 MP: 1/1
   335 | D:1      | Reached XP level 2. HP: 16/19 MP: 2/2
  1023 | D:2      | Reached skill level 4 in Fighting
  1092 | D:2      | Reached XP level 3. HP: 11/24 MP: 3/3
  1394 | D:2      | Slain by a gnoll

Skill      XL: |  1  2  3 |
---------------+----------+-----
Fighting       | 4 |  4.2
Axes           | 3 |  3.0
Dodging        | 2 |  2.0
Armour         | |  2.3

Action                   || total
-------------------------++-------
Melee: Hand axe          ||    76
Invok: Berserk           ||     1
  Use: Scroll            ||     2
  Eat: Chunk             ||     1
Armor: Animal skin       ||    24
Dodge: Dodged            ||    67
